 Dungeon Crawl Stone Soup version 0.26-a0-61-g6c07f0ee8d (console) character file.

Game seed: 9207658473764858145

6180 Morrissey the Grappler (level 10, -2/100 HPs)
             Began as a Troll Hunter on June 9, 2020.
             Was a Priest of Okawaru.
             Killed from afar by a manticore (12 damage)
             ... with a volley of spikes
             ... on level 9 of the Dungeon.
             The game lasted 00:19:42 (9946 turns).

Morrissey the Grappler (Troll Hunter)               Turns: 9946, Time: 00:19:42

Health: -2/100     AC:  8    Str: 23    XL:     10   Next: 60%
Magic:  9/9        EV: 12    Int:  7    God:    Okawaru [***...]
Gold:   623        SH:  0    Dex: 12    Spells: 9/9 levels left

rFire    . . .     SeeInvis .     - Unarmed
rCold    . . .     Gourm    +   (no shield)
rNeg     . . .     Faith    .   D - +2 robe {MR+}
rPois    .         Spirit   .   (helmet restricted)
rElec    .         Reflect  .   (no cloak)
rCorr    +         Harm     .   (gloves unavailable)
MR       +....                  (boots unavailable)
Stlth    +.........             (no amulet)
HPRegen  0.66/turn              t - ring of resist corrosion
MPRegen  0.11/turn              F - ring of wizardry

@: barbed spikes
A: large, unfitting armour, claws 3, fast metabolism 3, gourmand, regeneration
1, shaggy fur 1, tough skin 3
a: Heroism, Renounce Religion


You were on level 9 of the Dungeon.
You worshipped Okawaru.
Okawaru was most pleased with you.
You were completely stuffed.

You visited 2 branches of the dungeon, and saw 10 of its levels.

You collected 623 gold pieces.

Inventory:

Missiles
 c - 5 large rocks
 d - 3 throwing nets
 h - 240 stones (quivered)
 j - 5 javelins
 l - 2 datura-tipped darts
 r - 51 poisoned darts
 G - 4 silver javelins
Armour
 D - a +2 robe of magic resistance (worn)
Jewellery
 t - a ring of resist corrosion (left claw)
 F - a ring of wizardry (right claw)
Wands
 B - a wand of polymorph (5)
 E - a wand of iceblast (9)
 I - a wand of random effects (18)
 J - a wand of flame (22)
Scrolls
 a - 4 scrolls of noise {unknown}
 b - a scroll of immolation {unknown}
 e - 8 scrolls of teleportation {unknown}
 g - 10 scrolls of identify {unknown}
 m - 3 scrolls of fear {unknown}
 o - a scroll of blinking {unknown}
 p - 7 scrolls of remove curse {unknown}
 s - 3 scrolls of amnesia {unknown}
 u - a scroll of fog {unknown}
 w - 2 scrolls of enchant armour {unknown}
 x - 2 scrolls of random uselessness {unknown}
 y - a scroll of magic mapping {unknown}
 H - a scroll of enchant weapon {unknown}
Potions
 i - 3 potions of haste {unknown}
 k - 4 potions of lignification {unknown}
 n - 4 potions of curing
 q - a potion of degeneration {unknown}
 v - 4 potions of flight {unknown}
 z - 2 potions of brilliance {unknown}
 A - 2 potions of mutation {unknown}
 C - a potion of berserk rage {unknown}
 K - a potion of ambrosia {unknown}
Comestibles
 f - 23 rations


   Skills:
 + Level 6.6 Fighting
 - Level 8.0 Throwing
 * Level 5.4 Dodging
 - Level 0.3 Stealth
 - Level 10.0 Unarmed Combat
 * Level 0.9 Invocations


You had 9 spell levels left.
You didn't know any spells.
Your spell library contained the following spells:

 Spells                   Type           Power        Failure   Level  Hunger
 Poisonous Vapours        Pois/Air       #.....       26%         2    ###....
 Conjure Flame            Conj/Fire      #.......     45%         3    ####...
 Mephitic Cloud           Conj/Pois/Air  #.......     45%         3    ####...
 Freezing Cloud           Conj/Ice/Air   #.........   100%        6    #######
 Ring of Flames           Chrm/Fire      #.........   100%        7    #######


Dungeon Overview and Level Annotations

Branches:
Dungeon (9/15)             Temple (1/1) D:7             Orc (0/2) D:9
   Lair: D:8-11

Altars:
Ashenzari
Cheibriados
Dithmenos
Elyvilon
Fedhas
Hepliaklqana
Makhleb
Nemelex Xobeh
Okawaru
Qazlal
Ru
Trog
Uskayaw
Vehumet
Wu Jian
Xom
Zin
The Shining One
Beogh

Shops:
D:6 :


Innate Abilities, Weirdness & Mutations

You are too large for most types of armour.
You have claws for hands.
Your metabolism is lightning-fast.
You like to eat raw meat.
Your natural rate of healing is unusually fast.
You are covered in fur. (AC +1)
You have extremely tough skin. (AC +3)


Message History

The manticore is almost dead.
The manticore flicks its tail.
The volley of spikes hits you!
The barbed spikes become lodged in your body.
* * * LOW HITPOINT WARNING * * *
Throwing (i - inventory. (/) - cycle)
h - 241 stones (quivered)
Press: ? - help, Shift-Dir - straight line, f/p - manticore
Aim: a manticore (almost dead)
You throw a stone.
The stone hits the manticore but does no damage.
The manticore is almost dead.
The manticore flicks its tail.
The volley of spikes hits you!!
The barbed spikes become lodged in your body.
* * * LOW HITPOINT WARNING * * *
You feel better.
The manticore flicks its tail.
The volley of spikes hits you!
The barbed spikes become lodged in your body.
You die...

..............#.....#
..............#.....#
..............'.....#
'##...........###...#
..#....####.....##'##
..#)...# .#....)#...#
.......+............#
.......#............#
...#############@####
..## #.....# (..# ###
#.H$..# ..#######.#
#..(..# ..##......#
#..(..# ..........#
#..(..# ..##......#
#...(.# '###....)##
#....(# ..########


You could see a manticore.

Vanquished Creatures
  A two-headed ogre (D:8)
  An unseen horror (D:9)
  A deep elf mage (D:7)
  2 hippogriffs (D:8)
  A hungry ghost (D:9)
  Menkaure (D:6)
  Edmund (D:6)
  An ice beast (D:7)
  A hornet zombie (D:7)
  An eye of draining (D:9)
  2 ogres
  6 orc warriors
  A sky beast (D:5)
  A centaur (D:9)
  2 big kobolds (D:8)
  5 bullfrogs
  Blork the orc (D:4)
  5 scorpions
  3 wights (D:8)
  2 howler monkeys
  6 crimson imps
  A centaur zombie (D:9)
  A quasit (D:8)
  7 orc priests
  4 hounds
  A bullfrog skeleton (D:3)
  A gnoll shaman (D:9)
  8 orc wizards
  2 jellies
  4 iguanas
  8 worker ants
  A statue (D:4)
  A hound zombie (D:9)
  A hound skeleton (D:9)
  Robin (D:4)
  A howler monkey zombie (D:6)
  7 gnolls
  A worker ant zombie (D:7)
  14 adders
  3 oozes
  An adder zombie (D:7)
  3 worms
  5 leopard geckos
  52 orcs
  10 bats
  4 giant cockroaches
  12 hobgoblins
  6 jackals
  9 quokkas
  2 ball pythons
  3 frilled lizards
  16 goblins
  19 kobolds
  A leopard gecko skeleton (D:5)
  7 rats
262 creatures vanquished.

Vanquished Creatures (others)
  3 plants (D:9)
3 creatures vanquished.

Grand Total: 265 creatures vanquished

Notes
Turn   | Place    | Note
-------+----------+-------------------------------------------
     0 | D:1      | Morrissey the Troll Hunter began the quest for the Orb.
     0 | D:1      | Reached XP level 1. HP: 19/19 MP: 0/0
   233 | D:1      | Reached XP level 2. HP: 28/28 MP: 1/1
   311 | D:1      | Reached skill level 1 in Unarmed Combat
   919 | D:2      | Reached XP level 3. HP: 35/35 MP: 2/2
  1288 | D:2      | Reached skill level 2 in Unarmed Combat
  1476 | D:2      | Reached XP level 4. HP: 38/42 MP: 3/3
  1972 | D:3      | Reached XP level 5. HP: 45/50 MP: 4/4
  1978 | D:3      | Reached skill level 3 in Unarmed Combat
  2778 | D:4      | Found a radiant altar of Vehumet.
  2816 | D:4      | Noticed Blork the orc
  2826 | D:4      | Killed Blork the orc
  2826 | D:4      | Reached skill level 5 in Throwing
  2826 | D:4      | Reached XP level 6. HP: 59/59 MP: 5/5
  2961 | D:4      | Got a pair of ichor-stained boots
  3018 | D:4      | Noticed Robin
  3043 | D:4      | Killed Robin
  3175 | D:4      | Reached skill level 4 in Unarmed Combat
  3829 | D:5      | Entered Level 5 of the Dungeon
  3850 | D:5      | Reached XP level 7. HP: 67/67 MP: 6/6
  4170 | D:5      | Found a bloodstained altar of Trog.
  4485 | D:5      | Reached skill level 5 in Unarmed Combat
  4775 | D:6      | Noticed Menkaure
  4794 | D:6      | Killed Menkaure
  4794 | D:6      | Reached XP level 8. HP: 73/78 MP: 7/7
  4939 | D:6      | Reached skill level 6 in Unarmed Combat
  5069 | D:6      | Found Zabreur's Book Emporium.
  5099 | D:6      | Noticed Edmund
  5122 | D:6      | Killed Edmund
  5722 | D:7      | Reached skill level 7 in Unarmed Combat
  6169 | D:7      | Found a staircase to the Ecumenical Temple.
  6174 | Temple   | Entered the Ecumenical Temple
  6299 | Temple   | Became a worshipper of Warmaster Okawaru
  6371 | D:7      | Reached XP level 9. HP: 81/85 MP: 8/8
  6916 | D:7      | Noticed a deep elf mage
  6924 | D:7      | Killed a deep elf mage
  6924 | D:7      | Reached skill level 5 in Fighting
  6924 | D:7      | Reached skill level 8 in Unarmed Combat
  7088 | D:8      | Found a stormy altar of Qazlal.
  7403 | D:8      | Reached * piety under Okawaru
  7708 | D:8      | Noticed a two-headed ogre
  7722 | D:8      | HP: 4/89 [two-headed ogre/+0 giant club (10)]
  7746 | D:8      | Killed a two-headed ogre
  7746 | D:8      | Reached skill level 9 in Unarmed Combat
  8206 | D:8      | Reached XP level 10. HP: 98/98 MP: 9/9
  8678 | D:9      | Killed an unseen horror
  8678 | D:9      | Reached ** piety under Okawaru
  8871 | D:8      | Noticed a centaur warrior
  9085 | D:9      | Reached skill level 5 in Dodging
  9302 | D:9      | Reached skill level 10 in Unarmed Combat
  9305 | D:9      | Found a roughly hewn altar of Beogh.
  9425 | D:9      | Found a staircase to the Orcish Mines.
  9529 | D:9      | Reached *** piety under Okawaru
  9923 | D:9      | Noticed a manticore
  9945 | D:9      | HP: 3/100 [manticore/volley of spikes (19)]
  9946 | D:9      | Killed from afar by a manticore

Illustrated notes

Levels and vault maps discovered:
D:1:      roderic_octagonal_star, layout_loops_ring
D:2:      layout_rooms
D:3:      layout_basic, corexii_leaking_fountain
D:4:      layout_basic, vehumet_statue, uniq_blork_the_orc, uniq_robin
D:5:      layout_loops_ring, first_ration, trog_hazing_becter
D:6:      layout_cave_pools, serial_shops, shop, minmay_fractal_squares_5,
          uniq_menkaure, uniq_edmund
D:7:      layout_cave_pods, temple_doors_e, grunt_ministairs_13,
          guppyfry_early_elven_hall
D:8:      minmay_klotski, layout_layer_cave, basic_altar, blue_anna_alchemist
          [blue_anna_fruit_fields, blue_anna_fruit_fields]
D:9:      layout_gridville, david_orc_5, serial_bayou, serial_bayou_shore_b,
          serial_bayou_lagoon_a, serial_bayou_shore_b
Temple:   minmay_crystal_snake_temple

Skill      XL: |  1  2  3  4  5  6  7  8  9 10 |
---------------+-------------------------------+-----
Unarmed Combat | 1 2 3 4 5 7 9 10 | 10.0
Throwing       | 4 5 6 7 8 |  8.0
Fighting       | 2 3 4 6 |  6.6
Dodging        | 3 5 |  5.4
Stealth        | |  0.3
Invocations    | |  0.9

Action                   |  1- 3 |  4- 6 |  7- 9 | 10-12 || total
-------------------------+-------+-------+-------+-------++-------
Melee: Short sword       |   107 |    33 |       |       ||   140
       Unarmed           |       |   112 |   274 |   123 ||   509
       Punch             |       |     4 |     8 |     6 ||    18
Throw: Stone             |   117 |   198 |   276 |   171 ||   762
       Dart              |       |     4 |     7 |     6 ||    17
       Large rock        |       |       |     2 |       ||     2
  Use: Potion            |       |       |       |     1 ||     1
 Stab: Sleeping          |       |       |     1 |       ||     1
  Eat: Chunk             |    19 |    21 |    38 |    22 ||   100
Armor: Robe              |    54 |    45 |    61 |    46 ||   206
Dodge: Dodged            |    95 |    50 |   107 |    80 ||   332

Table legend:
 A = Non-vault XP
 B = Vault XP
 C = Vault XP percentage of total XP
 D = Non-vault monster count
 E = Vault monster count
 F = Vault count percentage of total count
                 A         B        C        D         E       F
            +---------+---------+-------+---------+---------+-------
      Total |    6597 |    2232 |  25.3 |     205 |      57 |  21.8
            +---------+---------+-------+---------+---------+-------
        D:1 |      36 |       0 |   0.0 |      17 |       0 |   0.0
        D:2 |      92 |       0 |   0.0 |      35 |       0 |   0.0
        D:3 |     139 |       0 |   0.0 |      21 |       0 |   0.0
        D:4 |     299 |     154 |  34.0 |      30 |      15 |  33.3
        D:5 |     314 |      10 |   3.1 |      10 |       6 |  37.5
        D:6 |     487 |     477 |  49.5 |      18 |       6 |  25.0
        D:7 |    1068 |     648 |  37.8 |      25 |       2 |   7.4
        D:8 |    2142 |     235 |   9.9 |      22 |       5 |  18.5
        D:9 |    2020 |     708 |  26.0 |      27 |      23 |  46.0
            +---------+---------+-------+---------+---------+-------
